 Dungeon Crawl Stone Soup version 0.31-a0-229-g1fc7ce93e2 (webtiles) character file.

Game seed: 2352968609481552867

1954 bmack86 the Cleaver (level 8, -3/64 HPs)
             Began as a Minotaur Fighter on July 7, 2023.
             Was an Initiate of Gozag.
             Killed from afar by an electric eel (11 damage)
             ... with a bolt of electricity
             ... on level 6 of the Dungeon.
             The game lasted 00:13:21 (4589 turns).

bmack86 the Cleaver (Minotaur Fighter)              Turns: 4589, Time: 00:13:22

Health: -3/64      AC: 26    Str: 23    XL:     8   Next: 99%
Magic:  7/7        EV:  8    Int:  5    God:    Gozag
Gold:   359        SH:  9    Dex: 10    Spells: 7/7 levels left

rFire   . . .        a - +0 war axe
rCold   . . .        c - +0 buckler
rNeg    . . .        y - +4 chain mail
rPois   .            (helmet restricted)
rElec   .            o - +0 cloak
rCorr   .            x - +0 pair of gloves
SInv    .            i - +2 pair of boots
Will    .....        h - amulet of reflection Stlth
                     k - +4 ring of protection
HPRegen 0.30/turn    f - +4 ring of protection
MPRegen 0.10/turn

%: reflection
@: gold aura
A: horns 2, retaliatory headbutt
a: Renounce Religion, Potion Petition, Call Merchant, Bribe Branch


You were on level 6 of the Dungeon.
You worshipped Gozag.
Gozag was aware of your devotion.
You visited 1 branch of the dungeon, and saw 6 of its levels.

You collected 449 gold pieces.
You paid 90 gold pieces to Gozag.

Inventory:

Hand Weapons
 a - a +0 war axe (weapon)
Missiles
 b - a boomerang
Armour
 c - a +0 buckler (worn)
 i - a +2 pair of boots (worn)
 o - a +0 cloak (worn)
 x - a +0 pair of gloves (worn)
 y - a +4 chain mail (worn)
Jewellery
 f - a +4 ring of protection (right hand)
 h - an amulet of reflection (around neck)
 k - a +4 ring of protection (left hand)
 l - a +5 ring of evasion
 m - a ring of see invisible
 q - a +5 ring of evasion
 A - a ring of ice
Wands
 t - a wand of acid (9)
 B - a wand of polymorph (10)
Scrolls
 e - 4 scrolls of teleportation
 g - 5 scrolls of revelation
 j - 2 scrolls of fog
 n - a scroll of vulnerability
 p - a scroll of amnesia {unknown}
 v - 3 scrolls of blinking {unknown}
Potions
 d - a potion of might
 r - 2 potions of curing
 s - a potion of lignification
 u - a potion of ambrosia {unknown}
 w - a potion of heal wounds {unknown}
 z - a potion of mutation {unknown}


   Skills:
 - Level 3.6 Fighting
 + Level 13.9 Axes
 - Level 3.6 Armour
 - Level 3.6 Shields


You had 7 spell levels left.
You didn't know any spells.
Your spell library contained the following spells:

 Spells                   Type           Power      Damage    Failure   Level
 Foxfire                  Conj/Fire      0%         2x1d4     98%         1
 Ensorcelled Hibernation  Hex/Ice        0%         N/A       99%         2
 Passwall                 Tmut/Erth      0%         N/A       99%         2
 Hailstorm                Conj/Ice       0%         3d3       100%        3
 Stone Arrow              Conj/Erth      0%         3d7       100%        3
 Swiftness                Air            0%         N/A       100%        3
 Death Channel            Necr           0%         N/A       100%        6
 Haunt                    Necr/Summ      0%         N/A       100%        7
 Infestation              Necr           0%         N/A       100%        8
 Animate Dead             Necr           Unusable   N/A       N/A         4

Dungeon Overview and Level Annotations

Branches:
Dungeon (6/15)
 Temple: D:4-7

Altars:
Dithmenos
Elyvilon
Gozag
Makhleb
Wu Jian

Shops:
D:2 !   D:3 (   D:6 :


Innate Abilities, Weirdness & Mutations

You have a pair of horns on your head.
You reflexively headbutt those who attack you in melee.


Message History

The electric eel shoots out a bolt of lightning at you!
The bolt of electricity hits you!
The electric eel shoots out a bolt of lightning at you!
The bolt of electricity hits you but does no damage.
The electric eel shoots out a bolt of lightning at you!
The bolt of electricity hits you but does no damage.
The electric eel shoots out a bolt of lightning at you!
The bolt of electricity hits you.
You slash the electric eel!
The electric eel is heavily wounded.
The electric eel shoots out a bolt of lightning at you!
The bolt of electricity hits you!
You closely miss the electric eel.
The electric eel is heavily wounded.
You closely miss the electric eel. Your headbutt misses the electric eel.
The electric eel is heavily wounded.
The electric eel shoots out a bolt of lightning at you!
The bolt of electricity misses the electric eel.
The bolt of electricity misses you. The bolt of electricity hits you!
You slash the electric eel!
You kill the electric eel!
You hear a splash.
The electric eel shoots out a bolt of lightning at you!
The bolt of electricity hits you!
* * * LOW HITPOINT WARNING * * *
The bolt of electricity hits you!
* * * LOW HITPOINT WARNING * * *
Okay, then.
Okay, then.
You slash the electric eel!
The electric eel is heavily wounded.
The electric eel shoots out a bolt of lightning at you!
The bolt of electricity hits you.
* * * LOW HITPOINT WARNING * * *
You hit the electric eel.
The electric eel is severely wounded.
The electric eel shoots out a bolt of lightning at you!
The bolt of electricity hits you!
You die...
Your body crumbles into a pile of gold.

....... ........♣ .......
........~
................♣♣
................P♣ ≈≈≈
................~♣ ≈≈≈
..........^.....♣~P~~≈≈≈
................# ~~~~~~
##..............#♣♣~~♣~~
#...............@♣~~~~~~
.................S~~~~~~~P~
...........#####..♣♣~P~~~P~
...........# #..♣♣~ ~~~♣
......###..# ##.#~♣♣~~~ .#
......# ##.## #.#.#~~♣ .##
...>.## #.># ##.....♣♣♣
.... .....##
#..####...#....## .....
####..# ##.#............#
#...#


You could see an electric eel.

Vanquished Creatures
  Pikel (D:5)
  Sigmund (D:6)
  An ice beast (D:4)
  2 black bears
  2 lemures (D:5)
  4 phantoms
  2 scorpions
  A howler monkey (D:6)
  An electric eel (D:6)
  A gnoll bouda (D:4)
  4 hounds
  Crazy Yiuf (D:3)
  An orc priest (D:5)
  An iguana (D:5)
  An orc wizard (D:5)
  A mummy (D:5)
  7 gnolls
  12 adders
  A worm (D:5)
  3 dart slugs
  11 orcs
  6 ball pythons
  8 endoplasms
  4 giant cockroaches
  7 goblins
  7 hobgoblins
  2 quokkas
  10 bats
  3 frilled lizards
  9 kobolds
  2 kobold zombies (D:5)
  2 orc zombies (D:5)
  5 rats
124 creatures vanquished.

Notes
Turn   | Place    | Note
-------+----------+-------------------------------------------
     0 | D:1      | bmack86 the Minotaur Fighter began the quest for the Orb.
     0 | D:1      | Reached XP level 1. HP: 19/19 MP: 0/0
   115 | D:1      | Reached skill level 3 in Axes
   136 | D:1      | Reached XP level 2. HP: 26/26 MP: 1/1
   248 | D:1      | Found a faded altar of an unknown god.
   381 | D:1      | Reached skill level 4 in Axes
   613 | D:2      | Found Bujotiaj's Distillery.
   664 | D:2      | Reached XP level 3. HP: 31/31 MP: 2/2
  1238 | D:3      | Reached skill level 5 in Axes
  1299 | D:3      | Found a runed translucent door.
  1300 | D:3      | Noticed Crazy Yiuf
  1417 | D:3      | Found Rasular's Weapon Shoppe.
  1452 | D:3      | Reached XP level 4. HP: 39/39 MP: 3/3
  1461 | D:3      | Found a shadowy altar of Dithmenos.
  1461 | D:3      | Found an ornate altar of the Wu Jian Council.
  2074 | D:3      | Killed Crazy Yiuf
  2075 | D:3      | Reached skill level 6 in Axes
  2103 | D:4      | Reached XP level 5. HP: 37/45 MP: 4/4
  2243 | D:4      | Noticed a phantom
  2256 | D:4      | Killed a phantom
  2257 | D:4      | Reached skill level 7 in Axes
  2330 | D:4      | Noticed a black bear
  2335 | D:4      | Reached XP level 6. HP: 49/51 MP: 5/5
  2337 | D:4      | Reached skill level 8 in Axes
  2341 | D:4      | Noticed an ice beast
  2467 | D:4      | Killed an ice beast
  2468 | D:4      | Reached skill level 9 in Axes
  3077 | D:5      | Entered Level 5 of the Dungeon
  3100 | D:5      | Reached XP level 7. HP: 57/57 MP: 6/6
  3368 | D:5      | Found a burning altar of Makhleb.
  3372 | D:5      | Reached skill level 10 in Axes
  3523 | D:5      | Found an opulent altar of Gozag.
  3557 | D:5      | Became a worshipper of Gozag Ym Sagoz the Greedy
  3592 | D:5      | Found a white marble altar of Elyvilon.
  3615 | D:5      | Reached skill level 11 in Axes
  3818 | D:5      | Reached XP level 8. HP: 62/64 MP: 7/7
  3882 | D:5      | Noticed Pikel
  3899 | D:5      | Killed Pikel
  3900 | D:5      | Reached skill level 12 in Axes
  4038 | D:6      | Reached skill level 13 in Axes
  4194 | D:6      | Noticed Sigmund
  4204 | D:6      | Killed Sigmund
  4528 | D:6      | Got the Cyclopedia of Deathly Bombardment
  4531 | D:6      | Found Leuzex's Book Shoppe.
  4589 | D:6      | Killed from afar by an electric eel

Illustrated notes

Levels and vault maps discovered:
D:1:      minmay_arrival_jagged, layout_loops_ring,
          hellmonk_ecumenical_altar_arch_garden, serial_bayou_pond_c
D:2:      layout_rooms, serial_shops, shop, minmay_misc_feat_secret_circle
D:3:      layout_loops_ring, jmf_multi_god_temple, serial_shops, shop,
          grunt_decor_mini_mirrors, grunt_ministairs_8, minmay_surrounded,
          uniq_crazy_yiuf_cottage
D:4:      layout_loops_cross, kennysheep_minor_cross,
          kennysheep_opposing_triangles
D:5:      layout_loops_ring, makhleb_heckhound_becter,
          nicolae_elyvilon_peaceful_grove, grunt_gozag_breadcrumbs,
          minmay_mini_ossuary, uniq_pikel
D:6:      layout_layer_cave, serial_shops, nicolae_shop_tiny_glass,
          serial_bayou_lake_a, uniq_sigmund

Skill      XL: |  1  2  3  4  5  6  7  8 |
---------------+-------------------------+-----
Axes           | 3 4 5 6 7 9 11 13 | 13.9
Fighting       | |  3.6
Armour         | |  3.6
Shields        | |  3.6

Action                     |  1- 3 |  4- 6 |  7- 9 || total
---------------------------+-------+-------+-------++-------
  Melee: War axe           |    86 |   104 |   130 ||   320
         Headbutt          |     8 |     9 |    28 ||    45
    Use: Scroll            |     2 |     8 |       ||    10
 Armour: Scale mail        |    41 |    12 |       ||    53
         Chain mail        |       |     6 |    50 ||    56
  Dodge: Dodged            |    71 |    70 |    52 ||   193
  Block: Buckler           |    55 |    49 |    48 ||   152
         Reflection        |     5 |       |       ||     5

Table legend: (Time is in decaauts)
 A = Elapsed time spent in this place.
 B = Non-inter-level travel time spent in this place.
 C = Inter-level travel time spent in this place.
 D = Time resting spent in this place.
 E = Time spent auto-exploring this place.
 F = Levels seen in this place.
 G = Mean time per level.
                   A        B        C        D        E       F      G
               +--------+--------+--------+--------+--------+-----+--------+
         Total |   4623 |   4510 |    113 |      0 |   3045 |   6 |  770.5 |
       Dungeon |   4623 |   4510 |    113 |      0 |   3045 |   6 |  770.5 |
               +--------+--------+--------+--------+--------+-----+--------+

Top non-repeatable levels by time:
     D:4: 991 daAuts
     D:5: 951 daAuts
     D:3: 873 daAuts
     D:2: 641 daAuts
     D:1: 613 daAuts
     D:6: 551 daAuts
